 Dungeon Crawl Stone Soup version 0.28-a0-440-ge3cd3e9 (webtiles) character file.

Game seed: 3886954302176751083

3886 Think the Slicer (level 10, -6/72 HPs)
             Began as an Octopode Fighter on July 18, 2021.
             Was an Elder of Okawaru.
             Engulfed by a steam dragon's steam (15 damage)
             ... on level 8 of the Dungeon on Sept 11, 2021.
             The game lasted 00:29:36 (9118 turns).

Think the Slicer (Octopode Fighter)                 Turns: 9118, Time: 00:29:37

Health: -6/72      AC:  1    Str: 17    XL:     10   Next: 19%
Magic:  10/10      EV: 12    Int: 11    God:    Okawaru [****..]
Gold:   398        SH: 10    Dex: 13    Spells: 8/9 levels left

rFire   . . .      SeeInvis .   l - +2 dagger (venom)
rCold   . . .      Faith    .   b - +0 kite shield
rNeg    . . .      Spirit   .   (helmet restricted)
rPois   .          Reflect  .   r - amulet of magic regeneration
rElec   .          Harm     .   (no ring)
rCorr   .          Rampage  .   (no ring)
Will    .....                   (no ring)
Stlth   ++........              (no ring)
HPRegen 0.22/turn               (no ring)
MPRegen 0.37/turn               (no ring)
                                (no ring)
                                (no ring)

@: lethally poisoned (-6 -> -7), slowed, unable to read, very slow
A: almost no armour, amphibious, 8 rings, camouflage 1, gelatinous body 1,
(nimble swimmer 1), tentacles, inability to read while threatened
a: Renounce Religion, Heroism, Finesse


You were on level 8 of the Dungeon.
You worshipped Okawaru.
Okawaru was greatly pleased with you.
You visited 2 branches of the dungeon, and saw 9 of its levels.

You collected 398 gold pieces.

Inventory:

Hand Weapons
 l - a +2 dagger of venom (weapon)
Armour
 b - a +0 kite shield (worn)
Jewellery
 r - an amulet of magic regeneration (around mantle)
Wands
 i - a wand of acid (5)
 s - a wand of digging (7)
 u - a wand of iceblast (6)
Scrolls
 d - a scroll of magic mapping
 e - a scroll of blinking {unknown}
 f - a scroll of vulnerability {unknown}
 g - 2 scrolls of identify
 j - a scroll of amnesia
 o - a scroll of brand weapon {unknown}
 p - a scroll of fog {unknown}
 t - a scroll of summoning {unknown}
Potions
 a - 2 potions of brilliance {unknown}
 c - a potion of might
 h - 3 potions of heal wounds
 m - a potion of experience {unknown}
 n - 2 potions of curing
 q - a potion of lignification {unknown}


   Skills:
 + Level 7.6 Fighting
 * Level 10.1 Short Blades
 - Level 3.0 Dodging
 + Level 7.6 Shields
 - Level 2.0 Conjurations
 - Level 2.0 Evocations


You had 8 spell levels left.
You knew the following spells:

 Your Spells              Type           Power      Damage    Failure   Level
a - Magic Dart            Conj           16%        1d3       36%         1

Your spell library contained the following spells:

 Spells                   Type           Power      Damage    Failure   Level
 Mephitic Cloud           Conj/Pois/Air  1%         N/A       91%         3
 Ozocubu's Armour         Ice            0%         N/A       95%         3
 Ozocubu's Refrigeration  Ice            0%         4d5       100%        7
 Call Imp                 Summ           Unusable   N/A       N/A         2

Dungeon Overview and Level Annotations

Branches:
Dungeon (8/15)             Temple (1/1) D:5
   Lair: D:8-11

Altars:
Ashenzari
Cheibriados
Dithmenos
Elyvilon
Fedhas
Gozag
Hepliaklqana
Kikubaaqudgha
Makhleb
Nemelex Xobeh
Okawaru
Qazlal
Ru
Sif Muna
Trog
Uskayaw
Vehumet
Wu Jian
Xom
Yredelemnul
Zin
The Shining One

Shops:
D:4 *

Annotations:
D:6 1 runed translucent door, obsidianbottles's ghost, novice DESu


Innate Abilities, Weirdness & Mutations

You cannot wear most types of armour.
You are amphibious.
You can wear up to eight rings at the same time.
Your skin changes colour to match your surroundings (Stealth+).
Your rubbery body absorbs attacks. (AC +1, EV +1)
((You are camouflaged near water. (Stealth+)))
You have tentacles for arms and can constrict up to eight enemies at once.
You sometimes lose the ability to read scrolls when taking damage.


Message History

You block the hornet's attack. x2
You feel very sick. You block the hornet's attack.
You feel sick. You block the hornet's attack.
You feel yourself speed up.
You feel sick. You block the hornet's attack.
You feel sick. You block the hornet's attack.
You fail to use your ability.
You feel sick. The hornet stings you!
You feel threatened and lose the ability to read scrolls!
You are more poisoned.
You feel yourself slow down. The hornet stings you.
You feel as though you will be slow longer.
You hit the hornet. You grab the hornet. You squeeze the hornet.
The hornet is lightly wounded.
You constrict the hornet.
You feel sick. You block the hornet's attack.
You hit the hornet.
The hornet is poisoned.
You squeeze the hornet!
The hornet is severely wounded.
You constrict the hornet, but do no damage.
You feel sick. The hornet stings you!
* * * LOW HITPOINT WARNING * * *
You feel as though you will be slow longer.
You hit the hornet.
The hornet looks as sick as possible!
The hornet is almost dead.
You constrict the hornet.
You feel sick.
You kill the hornet!
Okawaru accepts your kill.
You feel much better.
You feel sick. The steam dragon breathes steam at you.
The ball of steam hits you! You block the steam dragon's attack. x2
You cannot read scrolls in your current state!
You fail to use your ability.
You are engulfed in a cloud of scalding steam.
You feel sick. You block the steam dragon's attack. The steam dragon claws you.
You are engulfed in a cloud of scalding steam.
* * * LOW HITPOINT WARNING * * *
You feel sick. The steam dragon bites you.
* * * LOW HITPOINT WARNING * * *
You block the steam dragon's attack.
You are engulfed in a cloud of scalding steam.
You die...

##..# #.##....# #.>#
#.#####.# ##.###.# #.#
#^....# #.# ####### #.# #.#
#.# ################.#
#...ZDĀ§@.........#
****#.################
*,,,#.# *,*,#Z#**** ***
*,#.......# *,*
*,###.###.#********#**,*
*,,,..#,,,,,,,,,,,,....#####
****###,*,***********#....).
*,*,* #######


You could see a steam dragon.

Vanquished Creatures
  Pikel (D:4)
  Maurice (D:8)
  Maggie (D:8)
  A hornet (D:8)
  Grinder (D:3)
  Sigmund (D:3)
  A steam dragon (D:6)
  A water moccasin (D:7)
  2 orc warriors
  A sky beast (D:7)
  2 ogres
  A necrophage (D:6)
  3 centaurs
  Blork the orc (D:6)
  6 bullfrogs
  2 scorpions
  2 water moccasin zombies
  A jelly (D:6)
  3 orc priests
  4 hounds
  3 iguanas
  4 orc wizards
  A killer bee zombie (D:8)
  A hound skeleton (D:5)
  2 howler monkey zombies (D:7)
  3 howler monkey skeletons
  A gnoll (D:2)
  2 adders
  A white imp (D:6)
  An ufetubus (D:4)
  A worm (D:2)
  23 orcs
  4 ball pythons
  5 bats
  6 endoplasms
  4 giant cockroaches
  6 hobgoblins
  7 jackals
  6 kobolds
  2 quokkas
  4 frilled lizards
  5 goblins
  3 rats
  A spectral kobold (D:4)
132 creatures vanquished.

Notes
Turn   | Place    | Note
-------+----------+-------------------------------------------
     0 | D:1      | Think the Octopode Fighter began the quest for the Orb.
     0 | D:1      | Reached XP level 1. HP: 16/16 MP: 1/1
   237 | D:1      | Reached XP level 2. HP: 21/21 MP: 2/2
   469 | D:1      | Found a faded altar of an unknown god.
   722 | D:1      | Became a worshipper of Warmaster Okawaru
   722 | D:1      | Reached * piety under Okawaru
   969 | D:2      | Reached XP level 3. HP: 26/26 MP: 3/3
  1154 | D:2      | Reached skill level 3 in Short Blades
  1234 | D:2      | Reached XP level 4. HP: 31/31 MP: 4/4
  1455 | D:3      | Noticed Sigmund
  1461 | D:3      | Killed Sigmund
  1461 | D:3      | Reached ** piety under Okawaru
  1462 | D:3      | Reached skill level 4 in Short Blades
  1462 | D:3      | Reached XP level 5. HP: 20/37 MP: 5/5
  1462 | D:3      | Reached XP level 6. HP: 23/43 MP: 6/6
  2019 | D:3      | Upgraded the game from 0.27-a0-1590-g15f6982 to
                  | 0.28-a0-440-ge3cd3e9
  2024 | D:3      | Noticed Grinder
  2031 | D:3      | Killed Grinder
  2032 | D:3      | Reached skill level 5 in Short Blades
  2202 | D:3      | Reached XP level 7. HP: 36/49 MP: 4/7
  3052 | D:4      | Found Odghizxat's Assorted Antiques.
  3185 | D:4      | Noticed Pikel
  3195 | D:4      | Killed Pikel
  3195 | D:4      | Reached *** piety under Okawaru
  3196 | D:4      | Reached skill level 5 in Fighting
  3196 | D:4      | Reached skill level 6 in Short Blades
  3196 | D:4      | Reached skill level 5 in Shields
  3196 | D:4      | Reached XP level 8. HP: 46/56 MP: 5/8
  3444 | D:4      | Reached skill level 7 in Short Blades
  3639 | D:4      | Found a hazy altar of Hepliaklqana.
  3886 | D:5      | Entered Level 5 of the Dungeon
  4146 | D:5      | Found a staircase to the Ecumenical Temple.
  4154 | Temple   | Entered the Ecumenical Temple
  4769 | D:5      | Learned a level 1 spell: Magic Dart
  5102 | D:6      | Reached skill level 1 in Conjurations
  5346 | D:6      | Reached skill level 8 in Short Blades
  5346 | D:6      | Reached XP level 9. HP: 62/62 MP: 9/9
  5842 | D:6      | Reached **** piety under Okawaru
  6123 | D:6      | Noticed Blork the orc
  6129 | D:6      | Killed Blork the orc
  6373 | D:6      | Found a runed translucent door.
  6373 | D:6      | Noticed obsidianbottles's ghost (novice DESu)
  6375 | D:6      | Noticed a gargoyle
  6807 | D:7      | Reached skill level 9 in Short Blades
  8007 | D:8      | Noticed a troll
  8490 | D:8      | Noticed Maggie
  8535 | D:8      | Gained mutation: You are clumsy. (Dex -2) [potion of
                  | mutation]
  8535 | D:8      | Gained mutation: You are robust. (+10% HP) [potion of
                  | mutation]
  8537 | D:8      | Lost mutation: You are robust. (+10% HP) [potion of
                  | mutation]
  8537 | D:8      | Lost mutation: You are clumsy. (Dex -2) [potion of
                  | mutation]
  8537 | D:8      | Gained mutation: Your mind is acute. (Int +2) [potion of
                  | mutation]
  8537 | D:8      | Gained mutation: You sometimes lose the ability to read
                  | scrolls when taking damage. [potion of mutation]
  8537 | D:8      | Lost mutation: Your mind is acute. (Int +2) [potion of
                  | mutation]
  8658 | D:8      | Killed Maggie
  8659 | D:8      | Reached skill level 1 in Evocations
  8659 | D:8      | Reached XP level 10. HP: 45/71 MP: 5/10
  8795 | D:8      | Noticed a two-headed ogre
  9045 | D:8      | Noticed Maurice
  9054 | D:8      | Killed Maurice
  9055 | D:8      | Reached skill level 10 in Short Blades
  9118 | D:8      | Engulfed by a steam dragon's steam

Illustrated notes

Levels and vault maps discovered:
D:1:      saegor_arrival_miasma, layout_basic, basic_ecumenical_altar,
          corexii_hall_statues_t, minmay_pentomino_p2
D:2:      layout_rooms, cheibrodos_gnoll_hut
D:3:      layout_loops_ring, minivault_24, uniq_sigmund, uniq_grinder
D:4:      layout_basic, nicolae_hepliaklqana_monster_ancestors, serial_shops,
          shop, st_stairs_9, lightli_corner_chamber, uniq_pikel
D:5:      layout_loops_cross, minmay_temple_entry_proselytizer
D:6:      layout_loops_corners, ebering_ghost_inner_flame, uniq_blork_the_orc
D:7:      layout_basic, hangedman_abyss_or_decor_stabs, serial_bayou_crossing
D:8:      layout_basic, uniq_joseph, uniq_maggie, uniq_harold, uniq_maurice
Temple:   roderic_octagonal_lattice_temple

Skill      XL: |  1  2  3  4  5  6  7  8  9 10 |
---------------+-------------------------------+-----
Short Blades   | 3 4 5 6 8 9 10 | 10.1
Fighting       | 4 5 6 7 |  7.6
Shields        | 4 5 6 7 |  7.6
Conjurations   | 1 2 |  2.0
Evocations     | 1 2 |  2.0
Dodging        | |  3.0

Action                   |  1- 3 |  4- 6 |  7- 9 | 10-12 || total
-------------------------+-------+-------+-------+-------++-------
Melee: Rapier            |    54 |    41 |     1 |       ||    96
       Tentacles         |     9 |     8 |    74 |     5 ||    96
       Constrict         |    16 |    12 |    54 |     2 ||    84
       Punch             |       |     2 |     1 |       ||     3
       Dagger            |       |       |   266 |    14 ||   280
 Cast: Magic Dart        |       |       |    10 |     2 ||    12
Invok: Heroism           |       |     2 |     4 |       ||     6
       Finesse           |       |       |     1 |       ||     1
  Use: Potion            |       |       |     8 |     1 ||     9
       Scroll            |       |       |     3 |       ||     3
 Stab: Sleeping          |     7 |     1 |     8 |       ||    16
       Distracted        |       |       |     1 |       ||     1
Armor: Skin              |     7 |     1 |     9 |     1 ||    18
Dodge: Dodged            |    32 |    19 |    86 |     4 ||   141
Block: Kite shield       |    28 |    20 |    74 |    17 ||   139

Table legend: (Time is in decaauts)
 A = Elapsed time spent in this place.
 B = Non-inter-level travel time spent in this place.
 C = Inter-level travel time spent in this place.
 D = Time resting spent in this place.
 E = Time spent auto-exploring this place.
 F = Levels seen in this place.
 G = Mean time per level.
                   A        B        C        D        E       F      G
               +--------+--------+--------+--------+--------+-----+--------+
         Total |   9037 |   8737 |    300 |   1569 |   6014 |   9 | 1004.1 |
       Dungeon |   8747 |   8470 |    277 |   1569 |   5768 |   8 | 1093.4 |
        Temple |    290 |    267 |     23 |      0 |    246 |   1 |  290.0 |
               +--------+--------+--------+--------+--------+-----+--------+

Top non-repeatable levels by time:
     D:7: 1788 daAuts
     D:6: 1471 daAuts
     D:3: 1445 daAuts
     D:4: 961 daAuts
     D:1: 959 daAuts
     D:5: 883 daAuts
     D:8: 724 daAuts
     D:2: 514 daAuts
  Temple: 290 daAuts
